 Dungeon Sprint DCSS version 0.17-a0-1674-g2b13139 (webtiles) character file.

330 Kidiri the Covert (level 6, 0/28 HPs)
             Began as a Spriggan Enchanter on Aug 18, 2015.
             Was an Initiate of Dithmenos.
             Slain by a spatial vortex (4 damage)
             ... in the Dungeon (Sprint III: "The Ten Rune Challenge").
             The game lasted 00:02:32 (355 turns).

Kidiri the Covert (Spriggan Enchanter)               Turns: 355, Time: 00:02:33

Health: 0/28       AC:  3    Str:  4    XL:     6   Next: 26%
Magic:  0/17       EV: 25    Int: 17    God:    Dithmenos [......]
Gold:   59         SH:  0    Dex: 18    Spells: 5 memorised, 8 levels left

rFire  + . .     SeeInvis +     a - +1 dagger
rCold  + . .     Clarity  .     b - +1 robe
rNeg   . . .     SustAt   .     (shield restricted)
rPois  +         Gourm    .     (helmet restricted)
rElec  .         Spirit   .     (no cloak)
rCorr  .         Warding  .     (gloves unavailable)
rMut   .         NoTele   +     (boots unavailable)
MR     +....                    (no amulet)
Stlth  +++++.....               (no ring)
                                (no ring)

@: very slightly contaminated, very quick, somewhat resistant to hostile
enchantments, quite stealthy
A: unfitting armour, talons 1, see invisible, cold resistance 1, deterioration
1, fire resistance 1, herbivore 3, speed 3, poison resistance, slow metabolism
2, no device heal 1
a: Renounce Religion


You were in the Dungeon.
You worshipped Dithmenos.
Dithmenos was noncommittal.
You were not hungry.

You visited 1 branch You collected 59 gold pieces.

Inventory:

Hand weapons
 a - a +1 dagger (weapon)
Armour
 b - a +1 robe (worn)
Scrolls
 j - a scroll of blinking
 l - 2 scrolls of holy word
 n - 4 scrolls of remove curse
 q - a scroll of immolation
 r - a scroll of amnesia {unknown}
Potions
 e - a potion of curing
 f - a potion of heal wounds
 g - 2 potions of haste
 h - 2 potions of magic
 i - a potion of berserk rage
 o - 3 potions of cure mutation
 p - 2 potions of flight
Books
 c - a book of Maledictions

   Spells                             Type                      Level
   a - Corona                         Hexes                        1
   b - Ensorcelled Hibernation        Hexes/Ice                    2
   c - Confuse                        Hexes                        3
   d - Tukima's Dance                 Hexes                        3
   e - Dazzling Spray                 Conjuration/Hexes            3
Comestibles
 d - a bread ration
 k - a royal jelly


   Skills:
 + Level 4.7 Short Blades
 * Level 9.3 Dodging
 * Level 10.4 Stealth
 * Level 7.8 Spellcasting
 + Level 2.3 Conjurations
 + Level 6.3 Hexes
 + Level 2.6 Ice Magic
 + Level 0.0 Invocations


You had 8 spell levels left.
You knew the following spells:

 Your Spells              Type           Power        Failure   Level  Hunger
a - Corona                Hex            ####...      1%          1    None
b - Ensorcelled Hibernat  Hex/Ice        ###...       2%          2    None
c - Confuse               Hex            ####....     2%          3    #......
d - Tukima's Dance        Hex            ####....     2%          3    #......
e - Dazzling Spray        Conj/Hex       ###.....     8%          3    #......


Dungeon Overview and Level Annotations

Branches:
Dungeon (1/1)

Altars:
Dithmenos
Gozag
Makhleb
Nemelex Xobeh
Qazlal
Ru
Xom
Jiyva
Lugonu


Innate Abilities, Weirdness & Mutations

You are tiny and cannot use many weapons and most armour.
You have supernaturally acute eyesight.
You are a herbivore.
You cover ground extremely quickly.
You need consume almost no food.
You have sharp toenails.
Your flesh is cold resistant.
Your body sometimes deteriorates upon taking damage.
Your flesh is heat resistant.
Your system is resistant to poisons.
Potions and wands are less effective at restoring your health.


Message History

Aim: a spatial vortex (moderately damaged)
The spray of energy hits the spatial vortex.
The spatial vortex is heavily damaged.
Casting: Dazzling Spray
Confirm with . or Enter, or press ? or * to list all spells.
Aiming: Dazzling Spray
Press: ? - help, Shift-Dir - straight line, f/p - spatial vortex
Aim: a spatial vortex (heavily damaged)
The spray of energy hits the spatial vortex.
The spatial vortex is severely damaged.
There is a sacrificial altar of Ru here.
There is a viscous altar of Jiyva here.
There is a shadowy altar of Dithmenos here.
You hit the spatial vortex.
The spatial vortex is severely damaged.
The spatial vortex hits you!!
Ouch! That really hurt!
* * * LOW HITPOINT WARNING * * *
Space warps horribly around you!
You die...

#### ##.# ...#####..#
....#%%#..#
#...#..#..###+#+###+##
##..##+#..#..........#
##..###...'.⌠........#
#..####...#...######'#
#..###....#.⌠.#_v#...#
...##.....#...#_@#...#
...#......#+###__#...#
.##.#.....# #__#...+
.#####....# #_.'...#
▓▓ ▓▓▓▓▓▓ ▓▓▓▓▓▓▓▓


You could see a spatial vortex.

Vanquished Creatures
  A shadow (D)
  A water elemental (D)
  A scorpion (D)
  A jelly (D)
  A human (D)
  An ooze (D)
  3 rats (D)
9 creatures vanquished.

Vanquished Creatures (others)
  A draconian scorcher (D)
  A yaktaur (D)
2 creatures vanquished.

Grand Total: 11 creatures vanquished

Notes
Turn   | Place    | Note
--------------------------------------------------------------
     0 | D        | Kidiri the Spriggan Enchanter began the quest for the Orb.
     0 | D        | Reached XP level 1. HP: 9/9 MP: 5/5
    17 | D        | Reached skill level 5 in Stealth
    62 | D        | Noticed a scorpion
    65 | D        | Killed a scorpion
    65 | D        | Reached skill level 5 in Dodging
    65 | D        | Reached skill level 7 in Stealth
    65 | D        | Reached skill level 5 in Spellcasting
    65 | D        | Reached XP level 2. HP: 13/13 MP: 6/9
    65 | D        | Reached XP level 3. HP: 16/16 MP: 6/10
    85 | D        | Learned a level 2 spell: Ensorcelled Hibernation
    89 | D        | Learned a level 3 spell: Confuse
    93 | D        | Learned a level 3 spell: Tukima's Dance
    97 | D        | Learned a level 3 spell: Dazzling Spray
   126 | D        | Killed a yaktaur
   133 | D        | Reached XP level 4. HP: 10/21 MP: 0/12
   151 | D        | Gained mutation: Potions and wands are less effective at restoring your health. [potion of mutation]
   151 | D        | Gained mutation: Your flesh is heat resistant. [potion of mutation]
   151 | D        | Gained mutation: You have sharp toenails. [potion of mutation]
   152 | D        | Gained mutation: Your flesh is cold resistant. [potion of mutation]
   152 | D        | Gained mutation: Your system is resistant to poisons. [potion of mutation]
   152 | D        | Gained mutation: Your body sometimes deteriorates upon taking damage. [potion of mutation]
   194 | D        | Killed a white draconian scorcher
   301 | D        | Noticed a water elemental
   304 | D        | Killed a water elemental
   304 | D        | Reached skill level 8 in Stealth
   304 | D        | Reached skill level 1 in Conjurations
   304 | D        | Reached skill level 5 in Hexes
   304 | D        | Reached skill level 1 in Ice Magic
   313 | D        | Noticed a jelly
   314 | D        | Noticed a shadow
   316 | D        | Killed a shadow
   316 | D        | Reached skill level 9 in Dodging
   316 | D        | Reached skill level 10 in Stealth
   316 | D        | Reached XP level 5. HP: 24/24 MP: 14/16
   316 | D        | Reached XP level 6. HP: 28/28 MP: 14/17
   320 | D        | Killed a jelly
   325 | D        | Found a stormy altar of Qazlal.
   326 | D        | Found a sacrificial altar of Ru.
   326 | D        | Found a burning altar of Makhleb.
   326 | D        | Found a viscous altar of Jiyva.
   326 | D        | Found a shimmering altar of Xom.
   326 | D        | Found a shadowy altar of Dithmenos.
   326 | D        | Found a sparkling altar of Nemelex Xobeh.
   326 | D        | Found a corrupted altar of Lugonu.
   326 | D        | Found an opulent altar of Gozag.
   326 | D        | Noticed a spatial vortex
   330 | D        | Became a worshipper of Dithmenos the Shadowed
   355 | D        | Slain by a spatial vortex

Vault maps used:
D:        dungeon_sprint_mu

Action                   |  1- 3 |  4- 6 || total
-------------------------+-------+-------++-------
Melee: Dagger            |    15 |     4 ||    19
 Cast: Ensorcelled Hiber |     4 |       ||     4
       Corona            |     1 |       ||     1
       Dazzling Spray    |       |     5 ||     5
  Use: Scroll            |       |     2 ||     2
       Potion            |       |     2 ||     2
 Stab: Sleeping          |     4 |     3 ||     7
